 Dungeon Crawl Stone Soup version 0.25-a0-42-g6c54e25894 (webtiles) character file.

Game seed: 7351958962497220398, levelgen mode: deterministic

26219 Amnesiac the Grappler (level 12, -2/118 HPs)
             Began as a Troll Monk on Oct 23, 2019.
             Was the Champion of Ru.
             Slain by an orc warrior
             ... wielding a +0 dire flail
             ... led by an orc warlord
              (6 damage)
             ... on level 9 of the Dungeon.
             The game lasted 00:25:06 (9035 turns).

Amnesiac the Grappler (Troll Monk)                  Turns: 9035, Time: 00:25:06

Health: -2/118     AC: 15    Str: 22    XL:     12   Next: 96%
Magic:  11/11      EV: 12    Int:  6    God:    Ru [******]
Gold:   585        SH:  0    Dex: 16    Spells: 11/11 levels left

rFire    x x .     SeeInvis .     - Unarmed
rCold    + + +     Gourm    +   (no shield)
rNeg     + . .     Faith    .   A - +0 ice dragon scales
rPois    .         Spirit   .   l - +2 hat {MR+}
rElec    .         Reflect  .   i - +1 cloak
rCorr    .         Harm     .   (gloves unavailable)
MR       +....                  (boots unavailable)
Stlth    ..........             B - amulet of magic regeneration
HPRegen  1.09/turn              r - ring of positive energy
MPRegen  0.37/turn              k - ring of ice

@: exhausted
A: large, unfitting armour, claws 3, blurry vision 1, fast metabolism 3,
gourmand, regeneration 2, shaggy fur 1, tough skin 3, wild magic 1, inability to
use devices, hated by all, reduced AC 1, MP-powered wands, unskilled 1
a: Draw Out Power, Power Leap, Apocalypse, Renounce Religion


You were on level 9 of the Dungeon.
You worshipped Ru.
Ru was exalted by your worship.
You were very full.

You visited 3 branches of the dungeon, and saw 13 of its levels.
You also visited: Ice Cave.

You collected 831 gold pieces.
You spent 246 gold pieces at shops.

Inventory:

Missiles
 c - 3 curare-tipped darts (quivered)
 m - 4 throwing nets
Armour
 i - a +1 cloak (worn)
 l - a +2 hat of magic resistance (worn)
 A - +0 ice dragon scales (worn)
Jewellery
 k - a ring of ice (right claw)
 n - an uncursed amulet of guardian spirit
 p - an uncursed amulet of the acrobat
 r - a ring of positive energy (left claw)
 B - an amulet of magic regeneration (around neck)
Scrolls
 g - 2 scrolls of magic mapping
 o - 3 scrolls of remove curse
 q - 2 scrolls of identify
 s - 2 scrolls of fog
 t - 3 scrolls of teleportation
 u - a scroll of amnesia
 v - a scroll of torment
 w - a scroll of blinking
 y - a scroll of fear
 z - 3 scrolls of noise
Potions
 a - a potion of ambrosia
 e - a potion of haste
 f - 2 potions of curing
 h - a potion of heal wounds
 j - a potion of cancellation
 x - 3 potions of flight
 C - 4 potions of agility
Comestibles
 b - 21 rations


   Skills:
 - Level 7.6 Fighting
 + Level 7.4 Armour
 - Level 7.6 Dodging
 - Level 1.0 Stealth
 - Level 13.6 Unarmed Combat


You had 11 spell levels left.
You didn't know any spells.
Your spell library contained the following spells:

 Spells                   Type           Power        Failure   Level  Hunger
 Freeze                   Ice            #...         86%         1    ##.....
 Throw Frost              Conj/Ice       #.....       95%         2    ###....
 Ice Form                 Ice/Tmut       #.......     100%        4    #####..
 Metabolic Englaciation   Hex/Ice        #.........   100%        5    ######.
 Bolt of Cold             Conj/Ice       #.........   100%        6    #######
 Freezing Cloud           Conj/Ice/Air   #.........   100%        6    #######
 Ozocubu's Refrigeration  Ice            #.........   100%        6    #######
 Summon Ice Beast         Ice/Summ       Unusable     N/A         4    N/A

Dungeon Overview and Level Annotations

Branches:
Dungeon (11/15)            Temple (1/1) D:4            Lair (0/6) D:11
    Orc (1/2) D:9           IceCv (visited)

Altars:
Ashenzari
Dithmenos
Fedhas
Gozag
Qazlal
Ru
Sif Muna
Vehumet
Zin
The Shining One

Shops:
D:4 *   D:10 %((?


Innate Abilities, Weirdness & Mutations

You are too large for most types of armour.
You have claws for hands.
Your metabolism is lightning-fast.
You like to eat raw meat.
You heal very quickly.
You are covered in fur. (AC +1)
You have extremely tough skin. (AC +3)
You cannot study or use magical devices.
You are hated by all.
You take slightly more damage. (AC -5)
You are somewhat unskilled. (-1 Apt)
Scrolls take you a little longer to read.
Your spells are a little harder to cast, but a little more powerful.
You expend magic power (3 MP) to strengthen your wands.


Message History

You throw a large rock. The large rock hits the cyclops.
The cyclops is severely wounded.
You hear a shout!
An orc sorcerer comes into view. It is wielding a +2 dagger of venom.
The orc warrior misses you.
Unknown command.
The orc warrior misses you.
The orc warlord hits you with a +0 great mace!
* * * LOW HITPOINT WARNING * * *
You climb upwards.
Welcome back to the Dungeon!
There is a staircase to the Orcish Mines here.
You're too exhausted to unleash your apocalyptic power.
The orc warrior hits you with a +0 dire flail!!
* * * LOW HITPOINT WARNING * * *
The cyclops throws a large rock.
The large rock hits you but does no damage.
You see here a large rock.
Okay, then.
The orc warrior hits you with a +0 dire flail.
You die...

#
#..)........#..[[...#.##.#.
#
#####.#####.#..[[...#...<..
# #.## #..#'#..#(#######
#..# #..#(#.(#..().((( ##.#
#..#[############
#)#######))..(........
#....[)().###########.
#####)###.# #. #8.@.8#.####
#. #.(o..#....# #.
#..o..#....# #.
#..C..#....# #.
#8...8#....# #.
#######....# #. #.##....#
#( #.##....# ## #.##....#


You could see an orc warlord, a cyclops and an orc warrior.

Vanquished Creatures
  Jorgrun (Orc:1)
  Josephine (D:10)
  An ice dragon (D:11)
  Harold (D:6)
  A hydra (D:11)
  3 two-headed ogres
  Urug (D:11)
  An unseen horror (D:8)
  A necromancer (IceCv)
  An ice statue (IceCv)
  Psyche (D:9)
  A gargoyle (D:11)
  A rime drake (D:11)
  10 freezing wraiths (IceCv)
  A hornet (D:9)
  3 trolls
  3 polar bears (D:11)
  2 hippogriffs
  3 wraiths (D:10)
  9 yaks
  A vampire (D:11)
  A hungry ghost (D:9)
  2 death yak simulacra (IceCv)
  2 wargs (Orc:1)
  2 soldier ants
  Duvessa (D:7)
  5 black bears
  An alligator simulacrum (IceCv)
  5 phantoms
  7 orc warriors
  2 sky beasts
  9 ice beasts
  9 ogres
  2 eyes of draining
  6 wolves (D:11)
  4 centaurs
  4 big kobolds
  7 bullfrogs
  2 gnoll sergeants (D:9)
  Dowan (D:7)
  4 scorpions
  11 killer bees
  An electric eel (D:11)
  13 wights
  8 howler monkeys
  A crimson imp (D:10)
  3 centaur zombies
  2 quasits
  4 centaur skeletons
  6 draconian simulacra (IceCv)
  11 hounds
  A jelly (D:8)
  12 orc wizards
  A gnoll shaman (D:9)
  6 orc priests
  Jessica (D:3)
  5 bullfrog skeletons
  An iguana (D:6)
  Ijyb (D:5)
  5 troll simulacra (IceCv)
  6 worker ants
  2 spriggan simulacra (IceCv)
  A killer bee zombie (D:9)
  A wolf simulacrum (IceCv)
  2 centaur simulacra (IceCv)
  A hound skeleton (D:11)
  18 gnolls
  15 adders
  3 naga simulacra (IceCv)
  2 ogre simulacra (IceCv)
  5 shadow imps
  15 white imps
  A worker ant simulacrum (D:11)
  2 ufetubi (D:11)
  An ooze (D:5)
  2 adder skeletons
  2 adder zombies
  2 worms
  2 dart slugs
  3 leopard geckos
  54 orcs
  10 bats
  7 giant cockroaches
  6 goblins
  5 hobgoblins
  11 jackals
  5 quokkas
  4 ball pythons
  4 frilled lizards
  11 kobolds
  2 leopard gecko skeletons
  A quokka skeleton (D:7)
  11 rats
433 creatures vanquished.

Notes
Turn   | Place    | Note
-------+----------+-------------------------------------------
     0 | D:1      | Amnesiac the Troll Monk began the quest for the Orb.
     0 | D:1      | Reached XP level 1. HP: 22/22 MP: 0/0
   126 | D:1      | Found a glowing golden altar of the Shining One.
   193 | D:1      | Reached XP level 2. HP: 26/29 MP: 1/1
   246 | D:2      | Reached skill level 4 in Unarmed Combat
   246 | D:2      | Reached XP level 3. HP: 29/36 MP: 2/2
   497 | D:4      | Reached skill level 5 in Unarmed Combat
   497 | D:4      | Reached XP level 4. HP: 36/44 MP: 3/3
   500 | D:4      | Found a shadowy altar of Dithmenos.
   507 | D:4      | Got a heavily jewelled robe
   594 | D:4      | Reached XP level 5. HP: 50/50 MP: 4/4
   639 | D:4      | Reached skill level 6 in Unarmed Combat
   754 | D:4      | Found Gaoq Xui's Elemental Accessories.
   949 | D:4      | Noticed an ogre
   962 | D:4      | Killed an ogre
   962 | D:4      | Reached XP level 6. HP: 28/59 MP: 2/5
   971 | D:4      | You fall into a shaft and drop 1 floor!
   971 | D:5      | Entered Level 5 of the Dungeon
   995 | D:5      | Reached skill level 7 in Unarmed Combat
  1084 | D:4      | Found a staircase to the Ecumenical Temple.
  1102 | Temple   | Entered the Ecumenical Temple
  1131 | Temple   | Became a worshipper of Ru the Awakened
  1135 | Temple   | Gained mutation: You are hated by all. [Ru sacrifice]
  1135 | Temple   | Reached * piety under Ru
  2036 | D:2      | Found a stormy altar of Qazlal.
  2258 | D:3      | Noticed Jessica
  2262 | D:3      | Killed Jessica
  2280 | D:3      | Identified the +0 robe of Grace {Slay+3} (You found it on
                  | level 4 of the Dungeon)
  2321 | D:3      | Reached skill level 8 in Unarmed Combat
  2391 | D:3      | Found a radiant altar of Vehumet.
  2486 | D:3      | Reached XP level 7. HP: 66/66 MP: 6/6
  3049 | D:5      | Reached skill level 9 in Unarmed Combat
  3122 | D:5      | Noticed Ijyb
  3132 | D:5      | Killed Ijyb
  3143 | D:5      | Gained mutation: You are somewhat unskilled. (-1 Apt) [Ru
                  | sacrifice]
  3143 | D:5      | Reduced skill Unarmed Combat to level 8
  3143 | D:5      | Reached ** piety under Ru
  3143 | D:5      | Reached *** piety under Ru
  3159 | D:5      | Reached skill level 1 in Stealth
  3254 | D:5      | Reached XP level 8. HP: 72/72 MP: 7/7
  3291 | D:5      | Reached skill level 9 in Unarmed Combat
  3846 | D:6      | Reached skill level 10 in Unarmed Combat
  4353 | D:7      | Noticed Harold
  4393 | D:6      | Gained mutation: You are dopey. (Int -2) [potion of
                  | mutation]
  4393 | D:6      | Gained mutation: Scrolls take you a little longer to read.
                  | [potion of mutation]
  4393 | D:6      | Gained mutation: You are frail. (-10% HP) [potion of
                  | mutation]
  4393 | D:6      | Gained mutation: Your spells are a little harder to cast,
                  | but a little more powerful. [potion of mutation]
  4394 | D:6      | Lost mutation: You are frail. (-10% HP) [potion of
                  | mutation]
  4394 | D:6      | Lost mutation: You are dopey. (Int -2) [potion of mutation]
  4394 | D:6      | Lost mutation: Scrolls take you a little longer to read.
                  | [potion of mutation]
  4394 | D:6      | Gained mutation: Scrolls take you a little longer to read.
                  | [potion of mutation]
  4394 | D:6      | Gained mutation: You expend magic power (3 MP) to
                  | strengthen your wands. [potion of mutation]
  4394 | D:6      | Gained mutation: You heal very quickly. [potion of
                  | mutation]
  4409 | D:6      | Killed Harold
  4409 | D:6      | Reached skill level 11 in Unarmed Combat
  4409 | D:6      | Reached XP level 9. HP: 52/79 MP: 8/8
  4508 | D:7      | Noticed Dowan
  4508 | D:7      | Noticed Duvessa
  4517 | D:7      | Killed Dowan
  4521 | D:7      | Killed Duvessa
  4550 | D:7      | Gained mutation: You take slightly more damage. (AC -5) [Ru
                  | sacrifice]
  4550 | D:7      | Reached **** piety under Ru
  5146 | D:8      | Reached XP level 10. HP: 34/93 MP: 1/9
  5648 | D:9      | Noticed Psyche
  5654 | D:9      | Killed Psyche
  5654 | D:9      | Reached skill level 5 in Fighting
  5654 | D:9      | Reached skill level 5 in Dodging
  5700 | D:9      | Found a staircase to the Orcish Mines.
  5723 | D:9      | HP: 4/96 [gnoll sergeant/+2 spear of freezing (1)]
  5733 | D:9      | HP: 4/96 [something (5)]
  5764 | D:8      | Noticed an unseen horror
  5767 | D:8      | Killed an unseen horror
  5812 | D:8      | Gained mutation: You cannot study or use magical devices.
                  | [Ru sacrifice]
  5812 | D:8      | Reached ***** piety under Ru
  5812 | D:8      | Reached ****** piety under Ru
  6154 | D:9      | Reached skill level 12 in Unarmed Combat
  6356 | D:9      | Paralysed by a hornet for 1 turns
  6357 | D:9      | Reached XP level 11. HP: 65/105 MP: 10/10
  6439 | D:10     | Entered Level 10 of the Dungeon
  6455 | D:10     | Found Bifuykhy's Food Shoppe.
  6466 | D:10     | Found Violar's Weapon Emporium.
  6474 | D:10     | Bought 4 curare-tipped darts for 24 gold pieces
  6499 | D:10     | Found Wyseopho's Antique Weapon Boutique.
  6638 | D:10     | Noticed Josephine
  6644 | D:10     | Killed Josephine
  6760 | D:10     | Noticed a two-headed ogre
  6778 | D:10     | Killed a two-headed ogre
  6864 | D:10     | Found Giugivve's Magic Scroll Shoppe.
  6868 | D:10     | Bought a scroll of torment for 90 gold pieces
  6868 | D:10     | Bought a scroll of blinking for 90 gold pieces
  6868 | D:10     | Bought a scroll of fear for 42 gold pieces
  7273 | D:11     | Noticed a two-headed ogre
  7273 | D:11     | Noticed Urug
  7285 | D:11     | Killed a two-headed ogre
  7323 | D:11     | Reached skill level 13 in Unarmed Combat
  7350 | D:11     | Killed Urug
  7573 | D:11     | Reached XP level 12. HP: 100/118 MP: 11/11
  7733 | D:11     | Found a frozen archway.
  7733 | D:11     | Noticed an ice dragon
  7742 | D:11     | Killed an ice dragon
  7771 | IceCv    | Entered an ice cave
  7899 | IceCv    | Reached skill level 1 in Armour
  8153 | IceCv    | Found an ancient bone altar of Kikubaaqudgha.
  8280 | IceCv    | Reached skill level 5 in Armour
  8314 | IceCv    | Identified the Grimoire of Snow
  8316 | IceCv    | Identified the Collected Works on Cold
  8635 | D:11     | Noticed a seven-headed hydra
  8670 | D:11     | Killed a 12-headed hydra
  8774 | D:11     | Noticed a two-headed ogre
  8780 | D:11     | Killed a two-headed ogre
  8811 | D:11     | Found a staircase to the Lair.
  8996 | Orc:1    | Entered Level 1 of the Orcish Mines
  8996 | Orc:1    | Noticed Jorgrun
  9005 | Orc:1    | Killed Jorgrun
  9022 | Orc:1    | Noticed an orc warlord
  9034 | D:9      | HP: 3/118 [orc warrior/+0 dire flail[an orc warlord] (25)]
  9035 | D:9      | Slain by an orc warrior

Levels and vault maps discovered:
D:1:      dpeg_arrival_prison, layout_loops_corners, tso_metal_star
D:2:      layout_rooms, first_ration, grunt_qazlal_clouds
D:3:      layout_rooms, vehumet_crystals, grunt_ministairs_15, uniq_jessica
D:4:      layout_gridville, minmay_temple_entry_statues_pillars,
          nicolae_elemental_shop, grunt_dithmenos_smoke
D:5:      layout_loops_corners, uniq_ijyb
D:6:      layout_cave_pods
D:7:      layout_rooms, uniq_harold, uniq_duvessa
D:8:      layout_gridville
D:9:      layout_basic, kennysheep_orc_monster_closet_entryway,
          hangedman_pestilent_swarm, uniq_psyche
D:10:     layout_loops_ring, serial_shops, nicolae_shop_stone, shop_fountains,
          shop_statue, shop, uniq_josephine
D:11:     layout_roguey, erik_lair_island, serial_ice, serial_ice_h,
          serial_ice_c, serial_ice_o, serial_ice_g,
          portal_ice_cave_entry_animals_and_master, uniq_urug
Temple:   regret_index_temple_sigil_plot
Orc:1:    layout_diamond_mine, uniq_jorgrun

Skill      XL: |  1  2  3  4  5  6  7  8  9 10 11 12 |
---------------+-------------------------------------+-----
Unarmed Combat | 4 5 6 8 8 11 12 13 | 13.6
Stealth        | 1 |  1.0
Fighting       | 4 6 7 |  7.6
Dodging        | 4 6 7 |  7.6
Armour         | 7 |  7.4

Action                   |  1- 3 |  4- 6 |  7- 9 | 10-12 || total
-------------------------+-------+-------+-------+-------++-------
Melee: Unarmed           |    79 |   151 |   263 |   633 ||  1126
       Punch             |       |     4 |    10 |    43 ||    57
Throw: Large rock        |       |       |       |     4 ||     4
       Dart              |       |       |       |     1 ||     1
Invok: Sacrifice Love    |       |     1 |       |       ||     1
       Sacrifice Skill   |       |       |     1 |       ||     1
       Draw Out Power    |       |       |     1 |     1 ||     2
       Sacrifice Health  |       |       |     1 |       ||     1
       Power Leap        |       |       |       |     8 ||     8
       Sacrifice Artific |       |       |       |     1 ||     1
       Apocalypse        |       |       |       |     3 ||     3
  Use: Scroll            |       |     5 |     5 |     1 ||    11
       Potion            |       |     1 |    13 |     3 ||    17
 Stab: Sleeping          |     2 |     4 |     4 |       ||    10
       Distracted        |       |       |     2 |     7 ||     9
       Invisible         |       |       |     1 |     8 ||     9
       Paralysed         |       |       |     3 |     8 ||    11
  Eat: Chunk             |    10 |    18 |    24 |    38 ||    90
Armor: Robe              |    31 |    57 |    46 |    14 ||   148
       Ice dragon scales |       |       |       |    69 ||    69
Dodge: Dodged            |    34 |    60 |   117 |   389 ||   600

Table legend:
 A = Non-vault XP
 B = Vault XP
 C = Vault XP percentage of total XP
 D = Non-vault monster count
 E = Vault monster count
 F = Vault count percentage of total count
                 A         B        C        D         E       F
            +---------+---------+-------+---------+---------+-------
      Total |   17854 |   19603 |  52.3 |     310 |     123 |  28.4
            +---------+---------+-------+---------+---------+-------
        D:1 |      27 |       5 |  15.6 |      19 |       3 |  13.6
        D:2 |     138 |       0 |   0.0 |      27 |       0 |   0.0
        D:3 |      77 |      45 |  36.9 |      20 |       5 |  20.0
        D:4 |     331 |       0 |   0.0 |      18 |       0 |   0.0
        D:5 |     986 |      35 |   3.4 |      23 |       1 |   4.2
        D:6 |     739 |     944 |  56.1 |      15 |       1 |   6.2
        D:7 |     981 |     195 |  16.6 |      26 |       2 |   7.1
        D:8 |    2249 |       0 |   0.0 |      34 |       0 |   0.0
        D:9 |    2353 |    2257 |  49.0 |      37 |      25 |  40.3
       D:10 |    3451 |    1723 |  33.3 |      40 |       4 |   9.1
       D:11 |    5685 |    4747 |  45.5 |      39 |      27 |  40.9
      Orc:1 |     837 |    2931 |  77.8 |      12 |       1 |   7.7
      IceCv |       0 |    6721 | 100.0 |       0 |      54 | 100.0
            +---------+---------+-------+---------+---------+-------
